 Dungeon Crawl Stone Soup version 0.27-a0-1202-ge72e49191c (webtiles) character file.

Game seed: 13327073444947773079

1387 pokeman the Thaumaturge (level 8, 0/44 HPs)
             Began as a Deep Elf Hedge Wizard on June 4, 2021.
             Killed from afar by a vampire (22 damage)
             ... with a bolt of acid
             ... on level 5 of the Dungeon on June 5, 2021.
             The game lasted 00:13:54 (4835 turns).

pokeman the Thaumaturge (Deep Elf Hedge Wizard)     Turns: 4835, Time: 00:13:55

Health: 0/44       AC:  2    Str:  7    XL:     8   Next: 40%
Magic:  20/23      EV: 12    Int: 22    God:
Gold:   161        SH:  0    Dex: 14    Spells: 14/25 levels left

rFire    . . .     SeeInvis .   x - +0 whip (elec)
rCold    . . .     Faith    .   (no shield)
rNeg     + . .     Spirit   .   o - +0 leather armour
rPois    .         Reflect  .   d - +2 hat
rElec    .         Harm     .   (no cloak)
rCorr    .         Rampage  .   j - +0 pair of gloves
Will     .....                  (no boots)
Stlth    ++........             (no amulet)
HPRegen  0.14/turn              i - ring of positive energy
MPRegen  0.18/turn              (no ring)

@: corroded, studying Fighting
A: no striking features
a: no special abilities


You were on level 5 of the Dungeon.
You visited 1 branch of the dungeon, and saw 7 of its levels.

You collected 161 gold pieces.

Inventory:

Hand Weapons
 x - a +0 whip of electrocution (weapon)
Missiles
 c - 97 arrows
 p - 25 bolts
 r - a throwing net
Armour
 d - a +2 hat (worn)
 j - a +0 pair of gloves (worn)
 o - a +0 leather armour (worn)
 w - a +0 ring mail of fire resistance
Jewellery
 i - a ring of positive energy (left hand)
Scrolls
 b - 4 scrolls of teleportation {unknown}
 e - a scroll of summoning {unknown}
 g - 2 scrolls of enchant weapon {unknown}
 h - 3 scrolls of enchant armour {unknown}
 k - a scroll of vulnerability {unknown}
 s - 3 scrolls of identify {unknown}
 u - a scroll of blinking {unknown}
 v - a scroll of noise {unknown}
Potions
 a - 2 potions of berserk rage {unknown}
 f - a potion of magic {unknown}
 l - a potion of might {unknown}
 m - 3 potions of heal wounds {unknown}
 n - 3 potions of curing {unknown}
 q - a potion of ambrosia {unknown}
 t - 2 potions of resistance {unknown}


   Skills:
 - Level 2.2 Fighting
 + Level 1.8 Armour
 - Level 3.0 Dodging
 - Level 3.0 Stealth
 * Level 9.1 Spellcasting
 + Level 6.3 Conjurations
 - Level 1.1 Summonings
 - Level 1.1 Translocations
 + Level 1.6 Fire Magic
 - Level 1.2 Air Magic
 - Level 3.1 Poison Magic


You had 14 spell levels left.
You knew the following spells:

 Your Spells              Type           Power      Damage    Failure   Level
a - Magic Dart            Conj           100%       1d8       1%          1
b - Mephitic Cloud        Conj/Pois/Air  25%        N/A       7%          3
c - Call Imp              Summ           14%        N/A       10%         2
d - Blink                 Tloc           N/A        N/A       10%         2
e - Conjure Flame         Conj/Fire      27%        6-21      5%          3

Your spell library contained the following spells:

 Spells                   Type           Power      Damage    Failure   Level
 Slow                     Hex            10%        N/A       14%         2


Dungeon Overview and Level Annotations

Branches:
Dungeon (7/15)
 Temple: D:4-7

Altars:
Cheibriados
Dithmenos
Makhleb
Sif Muna
Uskayaw
Wu Jian
Xom
Yredelemnul

Shops:
D:2 ::==

Annotations:
D:6 Duvessa


Message History

Casting: Magic Dart (safe; 1% risk of failure)
Confirm with . or Enter, or press ? or * to list all spells.
Aiming: Magic Dart (safe; 1% risk of failure)
Press: ? - help, Shift-Dir - straight line The magic dart hits something.
Casting: Magic Dart (safe; 1% risk of failure)
Confirm with . or Enter, or press ? or * to list all spells.
Aiming: Magic Dart (safe; 1% risk of failure)
Press: ? - help, Shift-Dir - straight line The magic dart hits something.
Casting: Magic Dart (safe; 1% risk of failure)
Confirm with . or Enter, or press ? or * to list all spells.
Aiming: Magic Dart (safe; 1% risk of failure)
Press: ? - help, Shift-Dir - straight line The magic dart hits something!
Reactivating autopickup.
You feel a bit more experienced.
Your Spellcasting skill increases to level 9!
You start resting.
A vampire comes into view. It is carrying a wand of acid (9).
Things that are here:
a +0 falchion; 4 boomerangs Unknown command.
You start waiting.
Done waiting.
Things that are here:
a +0 falchion; 4 boomerangs
Found a ring mail.
You pick up a manual of Fighting and begin studying.
Found a stone staircase leading down.
A vampire is nearby!
Casting: Magic Dart (safe; 1% risk of failure)
Confirm with . or Enter, or press ? or * to list all spells.
The fire begins to smoulder!
The fire ignites!
The vampire zaps a wand.
The bolt of acid hits you! The acid corrodes you!
You are splashed with acid!
The vampire zaps a wand.
The bolt of acid hits you!!
Ouch! That really hurt!
You die...

≈≈≈≈≈≈≈≈≈≈≈≈≈
≈≈≈≈≈≈≈≈≈≈≈≈
≈≈≈≈.≈≈.≈≈≈ ....
........ ....
..... .>.. #V.#
###...##§##
##.........##
..###.###@.## #
#...#...#..#.
#..###.###...#
#.#.#.#.#.#..##
.# #.###[# #..#
..#.#.#.#.#.#.#
#..###.###..#.##
##..#...#...#..#
##..###.###...#


You could see a vampire.

Vanquished Creatures
  Pikel (D:4)
  Grinder (D:4)
  A shadow (D:5)
  An ogre (D:5)
  2 lemures (D:4)
  Blork the orc (D:3)
  A jelly (D:6)
  A hound (D:7)
  3 orc priests (D:4)
  A centaur skeleton (D:7)
  An iguana (D:5)
  2 orc wizards
  4 gnolls (D:2)
  4 adders
  A worm (D:3)
  4 dart slugs
  9 orcs
  4 bats
  6 endoplasms
  4 giant cockroaches (D:3)
  11 goblins
  3 hobgoblins (D:2)
  4 jackals (D:4)
  3 kobolds
  4 quokkas
  5 ball pythons
  4 frilled lizards
  6 rats
92 creatures vanquished.

Vanquished Creatures (collateral kills)
  An iguana (D:4)
  2 orcs (D:4)
3 creatures vanquished.

Grand Total: 95 creatures vanquished

Notes
Turn   | Place    | Note
-------+----------+-------------------------------------------
     0 | D:1      | pokeman the Deep Elf Hedge Wizard began the quest for the
                  | Orb.
     0 | D:1      | Reached XP level 1. HP: 10/10 MP: 7/7
    87 | D:1      | Found a faded altar of an unknown god.
   331 | D:1      | Reached XP level 2. HP: 16/16 MP: 6/9
   778 | D:2      | Reached skill level 5 in Spellcasting
   843 | D:2      | Reached XP level 3. HP: 20/20 MP: 8/11
   847 | D:2      | Learned a level 3 spell: Mephitic Cloud
   850 | D:2      | Learned a level 2 spell: Call Imp
   853 | D:2      | Learned a level 2 spell: Blink
   857 | D:2      | Learned a level 3 spell: Conjure Flame
   998 | D:2      | Reached skill level 1 in Fighting
   998 | D:2      | Reached skill level 1 in Armour
  1188 | D:2      | Found Ezail's Jewellery Emporium.
  1291 | D:2      | Found Mufask's Book Shoppe.
  1309 | D:2      | Found Xuag Hyf's Jewellery Boutique.
  1315 | D:2      | Found Ceqoren's Book Boutique.
  1445 | D:2      | Reached XP level 4. HP: 25/25 MP: 9/13
  2410 | D:3      | Reached skill level 1 in Fire Magic
  2661 | D:3      | Reached skill level 6 in Spellcasting
  2661 | D:3      | Reached XP level 5. HP: 23/29 MP: 1/15
  3141 | D:4      | Noticed Grinder
  3173 | D:4      | Paralysed by Grinder for 5 turns
  3244 | D:4      | Noticed Blork the orc
  3369 | D:3      | Killed Blork the orc
  3370 | D:3      | Reached skill level 1 in Air Magic
  3490 | D:4      | Reached XP level 6. HP: 34/34 MP: 7/17
  3622 | D:4      | Killed Grinder
  3623 | D:4      | Reached skill level 5 in Conjurations
  3871 | D:4      | Found a burning altar of Makhleb.
  3872 | D:4      | Found an ornate altar of the Wu Jian Council.
  3914 | D:4      | Found a shimmering blue altar of Sif Muna.
  3914 | D:4      | Found a basalt altar of Yredelemnul.
  3921 | D:4      | Reached XP level 7. HP: 38/38 MP: 15/19
  4055 | D:4      | Found a shimmering altar of Xom.
  4055 | D:4      | Found a shadowy altar of Dithmenos.
  4055 | D:4      | Found a snail-covered altar of Cheibriados.
  4057 | D:4      | Found a hide-covered altar of Uskayaw.
  4074 | D:4      | Noticed Pikel
  4094 | D:4      | Killed Pikel
  4095 | D:4      | Reached skill level 8 in Spellcasting
  4116 | D:4      | Reached XP level 8. HP: 21/44 MP: 3/22
  4362 | D:4      | You fall into a shaft and drop 3 floors!
  4386 | D:7      | Noticed a hornet
  4509 | D:6      | Noticed Duvessa
  4535 | D:5      | Entered Level 5 of the Dungeon
  4647 | D:5      | Reached skill level 9 in Spellcasting
  4835 | D:5      | Killed from afar by a vampire

Illustrated notes

Levels and vault maps discovered:
D:1:      minmay_arrival_four_houses, layout_rooms, basic_ecumenical_altar,
          amcnicky_mini_pool_small
D:2:      layout_rooms, serial_shops, shop, shop, shop, nicolae_shop_crystal,
          minmay_pentomino_pile
D:3:      layout_loops_ring
D:4:      layout_loops_corners, grunt_temple_overflow_open,
          jmf_multi_god_temple, minmay_misc_feat_columns, uniq_grinder,
          uniq_pikel, uniq_blork_the_orc
D:5:      minmay_goblin_kobold_castle, layout_basic, minmay_manual_mail,
          uniq_menkaure, uniq_edmund
D:6:      layout_gridville, lemuel_crystal_altar, kennysheep_generic_room_8,
          uniq_duvessa
D:7:      layout_rooms, nicolae_qazlal_general_emergency,
          minmay_temple_entry_hall, solitary_fountain, nrook_uturn,
          uniq_crazy_yiuf_cottage

Skill      XL: |  1  2  3  4  5  6  7  8 |
---------------+-------------------------+-----
Spellcasting   | 5 6 8 9 |  9.1
Fighting       | 1 2 |  2.2
Armour         | 1 |  1.8
Conjurations   | 2 3 5 6 |  6.3
Fire Magic     | 1 |  1.6
Dodging        | 3 |  3.0
Stealth        | 3 |  3.0
Air Magic      | 1 |  1.2
Poison Magic   | 2 3 |  3.1
Summonings     | |  1.1
Translocations | |  1.1

Action                   |  1- 3 |  4- 6 |  7- 9 || total
-------------------------+-------+-------+-------++-------
Melee: Dagger            |       |    17 |    34 ||    51
       Whip              |       |       |     2 ||     2
 Cast: Magic Dart        |    91 |    97 |    47 ||   235
       Mephitic Cloud    |       |     7 |     5 ||    12
       Conjure Flame     |       |     6 |     4 ||    10
       Blink             |       |     2 |       ||     2
       Call Imp          |       |       |     2 ||     2
 Stab: Confused          |       |     4 |     3 ||     7
Armor: Robe              |     4 |       |       ||     4
       Leather armour    |       |     7 |    13 ||    20
Dodge: Dodged            |     5 |    18 |    17 ||    40

Table legend: (Time is in decaauts)
 A = Elapsed time spent in this place.
 B = Non-inter-level travel time spent in this place.
 C = Inter-level travel time spent in this place.
 D = Time resting spent in this place.
 E = Time spent auto-exploring this place.
 F = Levels seen in this place.
 G = Mean time per level.
                   A        B        C        D        E       F      G
               +--------+--------+--------+--------+--------+-----+--------+
         Total |   4825 |   4705 |    120 |    544 |   3313 |   7 |  689.3 |
       Dungeon |   4825 |   4705 |    120 |    544 |   3313 |   7 |  689.3 |
               +--------+--------+--------+--------+--------+-----+--------+

Top non-repeatable levels by time:
     D:3: 1401 daAuts
     D:2: 1076 daAuts
     D:4: 939 daAuts
     D:1: 935 daAuts
     D:5: 299 daAuts
     D:6: 145 daAuts
     D:7: 26 daAuts
